 Dungeon Crawl Stone Soup version 0.23.2-1-ga50397a (webtiles) character file.

Game seed: 10914558546622404716

45 Iscandelvey the Vexing (level 3, 0/26 HPs)
             Began as a Demonspawn Arcane Marksman on Apr 17, 2019.
             Succumbed to a worker ant's poison
             ... on level 1 of the Dungeon.
             The game lasted 00:05:19 (1177 turns).

Iscandelvey the Vexing (Demonspawn Arcane Marksman) Turns: 1177, Time: 00:05:20

Health: 0/26       AC:  2    Str: 10    XL:     3   Next: 42%
Magic:  5/5        EV: 12    Int: 15    God:
Gold:   68         SH:  0    Dex: 13    Spells: 4/5 levels left

rFire    . . .     SeeInvis .   c - +0 halberd
rCold    . . .     Gourm    .   (shield currently unavailable)
rNeg     . . .     Faith    .   e - +0 robe
rPois    .         Spirit   .   (no helmet)
rElec    .         Reflect  .   (no cloak)
rCorr    .         Harm     .   (no gloves)
MR       .....                  (no boots)
Stlth    +.........             (no amulet)
HPRegen  0.08/turn              (no ring)
MPRegen  0.09/turn              (no ring)

@: lethally poisoned (0 -> -13)
A: powered by death 1, spiny 1
a: no special abilities


You were on level 1 of the Dungeon.
You were hungry.

You visited 1 branch of the dungeon, and saw 2 of its levels.

You collected 68 gold pieces.

Inventory:

Hand Weapons
 a - a +0 hand crossbow
 c - a +0 halberd (weapon)
 n - a +0 hand axe of freezing
Missiles
 d - 16 bolts
 g - 9 arrows
Armour
 e - a +0 robe (worn)
 j - a +0 buckler
Scrolls
 h - a scroll of identify {unknown}
 i - 2 scrolls of magic mapping {unknown}
 k - a scroll of enchant armour {unknown}
 l - a scroll of teleportation {unknown}
Potions
 b - a potion of berserk rage {unknown}
Comestibles
 f - 3 rations
 m - a chunk of flesh


   Skills:
 - Level 1.0 Fighting
 + Level 2.2 Crossbows
 + Level 2.3 Dodging
 + Level 1.5 Spellcasting
 - Level 3.5 Hexes


You had 4 spell levels left.
You knew the following spells:

 Your Spells              Type           Power        Failure   Level  Hunger
a - Corona                Hex            ##.....      5%          1    ##.....

Your spell library contained the following spells:

 Spells                   Type           Power        Failure   Level  Hunger
 Slow                     Hex            ##......     9%          2    ###....
 Inner Flame              Hex/Fire       #.......     34%         3    ####...
 Portal Projectile        Hex/Tloc       #.....       34%         3    ####...
 Cause Fear               Hex            ##........   47%         4    #####..
 Leda's Liquefaction      Hex/Erth       #.........   75%         4    #####..


Dungeon Overview and Level Annotations

Branches:
Dungeon (2/15)

Altars:


Innate Abilities, Weirdness & Mutations

You regenerate a little health from kills.
You are partially covered in sharp spines.


Message History

The worker ant is struck by your spines.
The worker ant misses you. The worker ant closely misses you.
The worker ant bites you. The worker ant bites you.
You are poisoned.
The worker ant poisons you!
You feel sick.
You feel sick.
You feel sick.
The worker ant is struck by your spines.
The worker ant misses you.
You see here a runed hand axe.
n - a runed hand axe The worker ant is struck by your spines.
The worker ant bites you.
* * * LOW HITPOINT WARNING * * *
You are more poisoned.
The worker ant poisons you!
You die...

..## #.#....##.# #.# ..####
#...##.##.# #.#
<....#######..##.##.# #s#
...........#..##.##.# #K#
...⌠....⌠..#..##.##.# #.#
#....⌠.....#..##....#####.##
###....⌠..###..#.#####..s..#
###....## #.a#######.#####
###(## #.>.@......# ###
############


You could see a worker ant.

Vanquished Creatures
  2 gnolls (D:1)
  An ooze (D:2)
  A leopard gecko (D:1)
  4 bats (D:1)
  2 giant cockroaches (D:1)
  2 goblins
  3 frilled lizards (D:1)
  3 kobolds (D:1)
  4 rats
22 creatures vanquished.

Notes
Turn   | Place    | Note
-------+----------+-------------------------------------------
     0 | D:1      | Iscandelvey the Demonspawn Arcane Marksman began the quest
                  | for the Orb.
     0 | D:1      | Reached XP level 1. HP: 15/15 MP: 2/2
    48 | D:1      | Gained mutation: You regenerate a little health from kills.
                  | [demonic ancestry]
    48 | D:1      | Reached XP level 2. HP: 9/21 MP: 3/3
   616 | D:1      | HP: 1/21 [gnoll/+0 spear (5)]
   617 | D:1      | Gained mutation: You are partially covered in sharp spines.
                  | [demonic ancestry]
   617 | D:1      | Reached XP level 3. HP: 1/26 MP: 3/5
  1176 | D:1      | HP: 1/26 [worker ant (5)]
  1177 | D:1      | Succumbed to a worker ant's poison

Skill      XL: |  1  2 |
---------------+-------+-----
Dodging        | 2 |  2.3
Crossbows      | 2 |  2.2
Fighting       | |  1.0
Spellcasting   | |  1.5
Hexes          | |  3.5

Action                   || total
-------------------------++-------
Melee: Halberd           ||    27
 Fire: Hand crossbow     ||    40
Armor: Robe              ||    11
Dodge: Dodged            ||    30
